[Event "ICCopen2017"]
[Site "Internet Chess Club"]
[Date "2017.04.02"]
[Round "8"]
[White "StaggerLee"]
[Black "sanka"]
[Result "1-0"]
[ICCResult "Black forfeits on time"]
[WhiteElo "1392"]
[BlackElo "1282"]
[Opening "Scotch: Göring gambit"]
[ECO "C44"]
[NIC "SO.06"]
[Time "20:33:01"]
[TimeControl "180+0"]

1. e4 e5 2. Nf3 Nc6 3. d4 exd4 4. c3 dxc3 5. Nxc3 d6 6. Bc4 Nf6 7. Qb3 Be7
8. O-O O-O 9. Bf4 Na5 10. Qb5 Nxc4 11. Qxc4 Be6 12. Nd5 c6 13. Nxe7+ Qxe7
14. Qb4 a5 15. Qa3 Rfd8 16. Rad1 Nxe4 17. Rfe1 Bd5 18. Ng5 Qf6 19. Nxe4 Qxf4
20. Nc3 Be6 21. Re4 Qf6 22. Rde1 d5 23. R4e3 d4 24. Rf3 Qg6 25. Ne2 d3 26.
Nf4 Qg5 27. Nxd3 Qd2 28. Rfe3 b5 29. Nf4 b4 30. Qa4 Bd5 31. Nxd5 Qxd5 32. b3
Qb5 33. Qxb5 cxb5 34. Re5 Rab8 35. g3 g6 36. Rc5 a4 37. bxa4 bxa4 38. Ra5 b3
39. axb3 axb3 40. Rb1 b2 41. Ra2 Rd2 42. Kg2 Rc8 43. Raxb2 Rxb2 44. Rxb2 Kg7
45. h4 Rc5 46. Kh3 h5 47. Re2 f6 48. Rd2 Re5 49. Rd7+ Kh6 50. Rd2 f5 51. Kg2
g5 52. Rd3 gxh4 53. gxh4 Re6 54. Kg3 Re4 55. Kh3 Rf4 56. f3 Ra4 57. Kg3 f4+
58. Kh3 Ra1 59. Rd6+ Kg7 60. Kg2 Ra2+ 61. Kh3 Ra1 62. Rd4 Kg6 63. Rxf4
{Black forfeits on time}
1-0

[Event "ICCopen2017"]
[Site "Internet Chess Club"]
[Date "2017.04.02"]
[Round "8"]
[White "mvillalba"]
[Black "RdgMx"]
[Result "1-0"]
[ICCResult "Black resigns"]
[WhiteElo "2140"]
[BlackElo "1856"]
[Opening "French: Tarrasch"]
[ECO "C03"]
[NIC "FR.14"]
[Time "20:33:19"]
[TimeControl "180+0"]

1. e4 e6 2. d4 d5 3. Nd2 Nd7 4. Ngf3 dxe4 5. Nxe4 Ngf6 6. Nxf6+ Nxf6 7. Bd3
Be7 8. O-O O-O 9. Qe2 b6 10. Bg5 Bb7 11. Rad1 h6 12. Bh4 Re8 13. Ne5 Nd5 14.
Bg3 Nf6 15. Rfe1 Kf8 16. Nxf7 Kxf7 17. Qxe6+ Kf8 18. Bg6 Bd5 19. Qf5 Bf7 20.
Be5 Bd6 21. f4 Qd7 22. Qd3 Bxg6 23. Qxg6 Qf7 24. Qd3 Rad8 25. Qg3 Nh5 26.
Qg4 Nf6 27. Qh3 Qd7 28. Qb3 Qf7 29. c4 Ng4 30. Qg3 Nf6 31. b3 Kg8 32. Re2
Bb4 33. d5 Bd6 34. Rde1 Bc5+ 35. Kh1 Bb4 36. Rf1 Nh5 37. Qf3 Nf6 38. h3 Bd6
39. g4 Re7 40. Kg2 Rde8 41. Rfe1 Nd7 42. Bxd6 Rxe2+ 43. Rxe2 Rxe2+ 44. Qxe2
cxd6 45. Qe4 Nc5 46. Qd4 Qf6 47. Qe3 Kf7 48. b4 Nd7 49. Kg3 Qe7 50. Qd3 Nf6
51. Qf5 Kg8 52. g5 hxg5 53. fxg5 Ne4+ 54. Kg4 Nc3 55. g6 Qe4+ 56. Qxe4 Nxe4
57. Kf5 Nd2 58. c5 bxc5 59. bxc5 dxc5 60. d6 Kf8 61. Ke6 Ke8 62. d7+ Kd8 63.
Kf7 Ne4 64. Kxg7 Ng5 65. Kf6 Ne4+ 66. Ke5 Kxd7 67. g7 Nf6 68. Kxf6 Kc6 69.
g8=Q Kb5 70. Qb3+ {Black resigns} 1-0

[Event "ICCopen2017"]
[Site "Internet Chess Club"]
[Date "2017.04.02"]
[Round "8"]
[White "Colombiano07"]
[Black "Spirals"]
[Result "1-0"]
[ICCResult "Black forfeits on time"]
[WhiteElo "1951"]
[BlackElo "2173"]
[Opening "Queen's bishop game"]
[ECO "D02"]
[NIC "QP.08"]
[Time "20:33:56"]
[TimeControl "180+0"]

1. d4 d5 2. Nf3 Nf6 3. Bf4 e6 4. e3 Bd6 5. Bg3 O-O 6. Nbd2 c5 7. c3 Nc6 8.
Bd3 h6 9. Ne5 cxd4 10. exd4 Bxe5 11. dxe5 Nd7 12. Nf3 f5 13. exf6 Qxf6 14.
O-O e5 15. Bb5 Qe6 16. Re1 e4 17. Nd4 Nxd4 18. Qxd4 Nf6 19. c4 Kh8 20. cxd5
Qxd5 21. Qxd5 Nxd5 22. Rxe4 Bf5 23. Re5 Nb4 24. Re7 a6 25. Bc4 b5 26. Bb3
Nc6 27. Rc7 Rac8 28. Rb7 Na5 29. Rb6 Rf6 30. Rxf6 gxf6 31. h3 Kg7 32. Bd1
Nc4 33. b3 Ne5 34. a4 b4 35. a5 Bc2 36. Rc1 Bf5 37. Rxc8 Bxc8 38. Be2 Nc6
39. Bc7 Be6 40. Bxa6 Bxb3 41. Bb7 Bd5 42. a6 b3 43. a7 b2 44. a8=Q b1=Q+ 45.
Kh2 Qe4 46. f3 Qe6 47. Qc8 Qxc8 48. Bxc8 Ne5 49. Bxe5 fxe5 50. Bf5 Kf6 51.
Be4 Bxe4 52. fxe4 Kg5 53. g3 h5 54. Kg2 h4 55. Kf3 {Black forfeits on time}
1-0

[Event "ICCopen2017"]
[Site "Internet Chess Club"]
[Date "2017.04.02"]
[Round "8"]
[White "Red-white"]
[Black "HuevosDeLeon"]
[Result "1-0"]
[ICCResult "Black checkmated"]
[WhiteElo "2898"]
[BlackElo "2534"]
[Opening "Queen's bishop game"]
[ECO "D02"]
[NIC "QP.06"]
[Time "20:33:33"]
[TimeControl "180+0"]

1. d4 Nf6 2. Nf3 d5 3. Bf4 e6 4. e3 c5 5. c3 Bd6 6. Bb5+ Nc6 7. Qa4 Bxf4 8.
exf4 cxd4 9. Nxd4 O-O 10. Nd2 Qb6 11. N2f3 Bd7 12. O-O Nxd4 13. Nxd4 Bxb5
14. Qxb5 Qxb5 15. Nxb5 Rfc8 16. Nd4 g6 17. Rfe1 Ne4 18. g4 Nc5 19. f5 gxf5
20. gxf5 Re8 21. fxe6 fxe6 22. Re5 Nd3 23. Rxe6 Rxe6 24. Nxe6 Nxb2 25. Rb1
Na4 26. Rxb7 Nxc3 27. a3 Re8 28. Nd4 Re4 29. Nf5 Ra4 30. Kg2 Rxa3 31. Kf3
Ne4+ 32. Kf4 Nxf2 33. h4 Ra4+ 34. Ke5 Ng4+ 35. Ke6 Ra6+ 36. Kxd5 Ra5+ 37.
Ke4 Ra4+ 38. Kd5 Ra5+ 39. Ke4 Nf6+ 40. Kf4 Ra4+ 41. Kg5 Ne4+ 42. Kh5 Ra5 43.
Kg4 Nf6+ 44. Kf4 Nd5+ 45. Kg4 Ra4+ 46. Kg5 Ra6 47. h5 Ra5 48. Nh6+ Kf8 49.
Rf7+ Ke8 50. Rxh7 Ne7+ 51. Kg4 Ra4+ 52. Kg3 Ra3+ 53. Kf4 Ra4+ 54. Kf3 Ra3+
55. Ke4 Ra4+ 56. Kd3 Ra3+ 57. Kc4 Ra5 58. Nf7 Ra4+ 59. Kb5 Rf4 60. Nd6+ Kd7
61. Nc8 Kxc8 62. Rxe7 Rf5+ 63. Kc6 Rxh5 64. Re8# {Black checkmated} 1-0

[Event "ICCopen2017"]
[Site "Internet Chess Club"]
[Date "2017.04.02"]
[Round "8"]
[White "alphajet26"]
[Black "bennywins"]
[Result "1/2-1/2"]
[ICCResult "Black ran out of time and White has no material to mate"]
[WhiteElo "1695"]
[BlackElo "1538"]
[Opening "Ruy Lopez: four knights (Tarrasch) variation"]
[ECO "C77"]
[NIC "RL.12"]
[Time "20:34:29"]
[TimeControl "180+0"]

1. e4 e5 2. Nf3 Nc6 3. Bb5 a6 4. Ba4 Nf6 5. Nc3 b5 6. Bb3 d6 7. d3 Be7 8.
O-O O-O 9. Be3 h6 10. h3 Be6 11. Qd2 Bxb3 12. axb3 b4 13. Na4 a5 14. Nh2 Nd4
15. Bxd4 exd4 16. f4 c5 17. e5 dxe5 18. fxe5 Nd7 19. Rae1 Qc7 20. e6 fxe6
21. Rxe6 Bd6 22. Ng4 Rxf1+ 23. Kxf1 Rf8+ 24. Kg1 Nf6 25. Nxh6+ gxh6 26. Qxh6
Bh2+ 27. Kh1 Bf4 28. Qg6+ Qg7 29. Qxg7+ Kxg7 30. Nxc5 Nh5 31. Ne4 Bc1 32.
Re5 Rf1+ 33. Kh2 Bf4+ 34. g3 Bxe5 35. Kg2 Rb1 36. g4 Nf4+ 37. Kg3 Nxd3+ 38.
Kf3 Ne1+ 39. Ke2 Nxc2 40. Kd3 Rxb2 41. Kc4 Ne1 42. Nc5 d3 43. Ne6+ Kf6 44.
Nc5 d2 45. Ne4+ Kg6 46. Nf2 Bg3 47. Nd1 Rb1 48. Ne3 d1=Q 49. Nxd1 Rxd1 50.
Kb5 Rd3 51. Ka4 Bf4 52. h4 Rh3 53. h5+ Kh6 54. Kxa5 Rg3 55. Kxb4 Rxg4 56.
Kc5 Kxh5 57. b4 Bd2 58. b5 Bf4 59. Kc6 Nf3 60. Kc5 Rg5+ 61. Kc6 Be5 62. b6
Kg6 63. b7 Kf7 64. Kd5 Bb8+ 65. Kc6 Ke7 66. Kb6 Kd7 67. Ka6 Rd5 68. Kb6 Rd6+
69. Kc5 Kc7 70. Kb5 Rc6 71. Ka5 Rb6 72. Ka4 Rxb7 73. Ka5 Ra7+ 74. Kb5
{Black ran out of time and White has no material to mate}
1/2-1/2

[Event "ICCopen2017"]
[Site "Internet Chess Club"]
[Date "2017.04.02"]
[Round "8"]
[White "Seraphim"]
[Black "glokoll"]
[Result "1-0"]
[ICCResult "Black forfeits on time"]
[WhiteElo "1816"]
[BlackElo "1556"]
[Opening "Robatsch (modern) defense"]
[ECO "B06"]
[NIC "KF.06"]
[Time "20:34:12"]
[TimeControl "180+0"]

1. e4 g6 2. Nf3 Bg7 3. d4 c5 4. c3 cxd4 5. cxd4 d5 6. e5 Nc6 7. Nc3 Bg4 8.
Be3 e6 9. h3 Bxf3 10. Qxf3 Nge7 11. Bb5 O-O 12. O-O a6 13. Bd3 b5 14. Rfc1
f5 15. exf6 Rxf6 16. Qg4 Qd6 17. Bg5 Rff8 18. Ne2 h5 19. Qh4 Nf5 20. Bxf5
Rxf5 21. Nf4 e5 22. dxe5 Bxe5 23. Nd3 Bh2+ 24. Kh1 Be5 25. Nxe5 Nxe5 26. f4
Nc4 27. b3 Ne3 28. Qe1 d4 29. Qd2 Qd5 30. Re1 Rd8 31. Re2 Re8 32. Rc1 Qd7
33. Qd3 Kh7 34. a4 Rd5 35. axb5 axb5 36. b4 Nf5 37. Rxe8 Qxe8 38. Rc5 Qe1+
39. Kh2 Qe6 40. Qc2 Rd7 41. Rxb5 d3 42. Qd2 Nd4 43. Re5 Qf7 44. Qxd3 Nf5 45.
Qf3 Nd4 46. Qe4 Nf5 47. b5 Rb7 48. Rc5 Qd7 49. Qd5 {Black forfeits on time}
1-0

[Event "ICCopen2017"]
[Site "Internet Chess Club"]
[Date "2017.04.02"]
[Round "8"]
[White "samank"]
[Black "PaulieChessnut"]
[Result "1-0"]
[ICCResult "Black forfeits on time"]
[WhiteElo "1410"]
[BlackElo "1366"]
[Opening "French: advance, Paulsen attack"]
[ECO "B21"]
[NIC "SI.48"]
[Time "20:34:32"]
[TimeControl "180+0"]

1. e4 c5 2. d4 e6 3. c3 d5 4. e5 Nc6 5. Nf3 g6 6. Be3 cxd4 7. Nxd4 Bg7 8.
Bb5 Bd7 9. f4 Nge7 10. g3 O-O 11. O-O a6 12. Nxc6 bxc6 13. Bd3 Qc7 14. Bc5
Rfe8 15. Bd6 Qb6+ 16. Kh1 Qxb2 17. Nd2 Qxc3 18. Nb3 Nf5 19. Bxf5 exf5 20.
Nc5 Be6 21. Nxe6 Rxe6 22. Rc1 Qb2 23. Rxc6 Qxa2 24. Qc1 h5 25. Qc5 Qe2 26.
Rc1 Qf3+ 27. Kg1 Rae8 28. Rc8 g5 29. Rxe8+ Rxe8 30. Qf2 Qe4 31. Re1 Qd3 32.
fxg5 d4 33. Qe2 Qb3 34. Qxa6 Re6 35. Qc8+ Kh7 36. Qc1 d3 37. Qd2 Qb6+ 38.
Kg2 Qc6+ 39. Kg1 Qd5 40. Rd1 Qd4+ 41. Kf1 Qe4 42. Qxd3 Qh1+ 43. Ke2 Qxh2+
44. Ke3 Bxe5 45. Bxe5 Rxe5+ 46. Kf4 {Black forfeits on time} 1-0

[Event "ICCopen2017"]
[Site "Internet Chess Club"]
[Date "2017.04.02"]
[Round "8"]
[White "chekbouncer"]
[Black "Bishopmate"]
[Result "0-1"]
[ICCResult "White forfeits on time"]
[WhiteElo "1271"]
[BlackElo "1246"]
[Opening "English opening"]
[ECO "A22"]
[NIC "EO.10"]
[Time "20:36:16"]
[TimeControl "180+0"]

1. c4 e5 2. Nc3 Nf6 3. d3 Bb4 4. g3 Bxc3+ 5. bxc3 O-O 6. Bg2 c6 7. Ba3 Re8
8. Nf3 d5 9. cxd5 cxd5 10. O-O e4 11. Nd4 Nc6 12. Nb5 Qa5 13. c4 exd3 14.
exd3 dxc4 15. dxc4 a6 16. Nd6 Rd8 17. Bxc6 bxc6 18. Qb3 Be6 19. Rfe1 Rab8
20. Qd3 Bxc4 21. Qxc4 Qxa3 22. Qxf7+ Kh8 23. Re7 Rg8 24. Nf5 Ng4 25. Nxg7
Qb2 26. Rf1 Rbf8 {White forfeits on time} 0-1

[Event "ICCopen2017"]
[Site "Internet Chess Club"]
[Date "2017.04.02"]
[Round "9"]
[White "NEO2017"]
[Black "Step2Me"]
[Result "1-0"]
[ICCResult "Black resigns"]
[WhiteElo "1719"]
[BlackElo "1410"]
[Opening "Queen's gambit declined"]
[ECO "D30"]
[NIC "QP.08"]
[Time "20:44:34"]
[TimeControl "180+0"]

1. d4 d5 2. c4 e6 3. Nf3 Nf6 4. g3 c6 5. Nbd2 g6 6. Bg2 Bg7 7. O-O O-O 8.
Qc2 Re8 9. e4 Nxe4 10. Nxe4 dxe4 11. Qxe4 Qxd4 12. Nxd4 {Black resigns} 1-0

[Event "ICCopen2017"]
[Site "Internet Chess Club"]
[Date "2017.04.02"]
[Round "9"]
[White "Radja"]
[Black "DoctorWho"]
[Result "1-0"]
[ICCResult "Black resigns"]
[WhiteElo "2413"]
[BlackElo "1967"]
[Opening "French: Paulsen variation"]
[ECO "C10"]
[NIC "FR.04"]
[Time "20:45:05"]
[TimeControl "180+0"]

1. e4 e6 2. d4 d5 3. Nc3 Nc6 4. Nf3 Nf6 5. exd5 exd5 6. Bb5 Bb4 7. O-O O-O
8. Bg5 Bxc3 9. bxc3 Qd6 10. g3 Bg4 11. Qd3 Ne4 12. Bf4 Qf6 13. Bxc6 Qxc6 14.
Ne5 Qe6 15. Nxg4 {Black resigns} 1-0

[Event "ICCopen2017"]
[Site "Internet Chess Club"]
[Date "2017.04.02"]
[Round "9"]
[White "chekbouncer"]
[Black "Massada"]
[Result "1-0"]
[ICCResult "Black resigns"]
[WhiteElo "1294"]
[BlackElo "1420"]
[Opening "QGD: Tarrasch defense, 4.cd ed"]
[ECO "D32"]
[NIC "EO.64"]
[Time "20:45:24"]
[TimeControl "180+0"]

1. c4 e6 2. Nc3 d5 3. cxd5 exd5 4. d4 c5 5. dxc5 d4 6. Nb5 Bxc5 7. Nf3 Qa5+
8. Bd2 Qxb5 9. e3 Nc6 10. b3 Nge7 11. Bxb5 Bd7 12. exd4 Nxd4 13. Bxd7+
{Black resigns}
1-0

[Event "ICCopen2017"]
[Site "Internet Chess Club"]
[Date "2017.04.02"]
[Round "9"]
[White "Bishopmate"]
[Black "jbow79"]
[Result "1-0"]
[ICCResult "Black checkmated"]
[WhiteElo "1250"]
[BlackElo "924"]
[Opening "Queen's pawn game, Darooha variation "]
[ECO "D02"]
[NIC "QP.08"]
[Time "20:45:02"]
[TimeControl "180+0"]

1. d4 d5 2. Nf3 Nf6 3. g3 Bg4 4. Bg2 Bxf3 5. Bxf3 e6 6. O-O Be7 7. Re1 O-O
8. Bg5 Nbd7 9. Nd2 h6 10. Bxf6 Nxf6 11. e4 dxe4 12. Nxe4 Nxe4 13. Bxe4 Bf6
14. Bxb7 Rb8 15. Be4 Rxb2 16. Bd3 a6 17. Qf3 Qxd4 18. Red1 Qa4 19. Qe4 Rxa2
20. Qh7# {Black checkmated} 1-0

[Event "ICCopen2017"]
[Site "Internet Chess Club"]
[Date "2017.04.02"]
[Round "9"]
[White "Peaceful-Death"]
[Black "ural"]
[Result "0-1"]
[ICCResult "White resigns"]
[WhiteElo "1949"]
[BlackElo "2352"]
[Opening "Queen's pawn game, Chigorin variation"]
[ECO "D02"]
[NIC "QP.08"]
[Time "20:46:17"]
[TimeControl "180+0"]

1. d4 d5 2. Nf3 Nc6 3. c4 e5 4. cxd5 Qxd5 5. dxe5 Qxd1+ 6. Kxd1 Bg4 7. Bf4
O-O-O+ 8. Kc1 Nge7 9. h3 Bxf3 10. gxf3 Ng6 11. Bg5 Rd5 12. f4 h6 13. Bg2
Rc5+ 14. Nc3 hxg5 15. Kc2 Nxf4 {White resigns} 0-1

[Event "ICCopen2017"]
[Site "Internet Chess Club"]
[Date "2017.04.02"]
[Round "9"]
[White "RWu"]
[Black "ComplexZeta"]
[Result "0-1"]
[ICCResult "White checkmated"]
[WhiteElo "1766"]
[BlackElo "1843"]
[Opening "French: Winawer, advance, poisoned pawn, Konstantinopolsky variation"]
[ECO "C18"]
[NIC "FR.11"]
[Time "20:44:48"]
[TimeControl "180+0"]

1. e4 e6 2. d4 d5 3. Nc3 Bb4 4. e5 c5 5. a3 Bxc3+ 6. bxc3 Ne7 7. Qg4 Qc7 8.
Qxg7 Rg8 9. Qxh7 cxd4 10. Ne2 Nbc6 11. f4 dxc3 12. Qd3 d4 13. Nxd4 Nxd4 14.
Qxd4 Bd7 15. Qf2 Nf5 16. Bd3 Bc6 17. Rg1 O-O-O 18. Bxf5 exf5 19. Be3 Be4 20.
h4 Qc6 21. g3 Bf3 22. Rb1 Bg4 23. Rb3 Rd1# {White checkmated} 0-1

[Event "ICCopen2017"]
[Site "Internet Chess Club"]
[Date "2017.04.02"]
[Round "9"]
[White "makingnosense"]
[Black "Unico"]
[Result "0-1"]
[ICCResult "White resigns"]
[WhiteElo "2151"]
[BlackElo "2417"]
[Opening "Nimzo-Indian: 4.e3"]
[ECO "E40"]
[NIC "NI.17"]
[Time "20:45:34"]
[TimeControl "180+0"]

1. d4 Nf6 2. c4 e6 3. Nc3 Bb4 4. e3 d5 5. a3 Bxc3+ 6. bxc3 O-O 7. cxd5 exd5
8. Bd3 Bg4 9. f3 Bh5 10. Ne2 Bg6 11. O-O Nc6 12. Ng3 Re8 13. Ra2 Qd6 14. Re2
Nh5 15. Bxg6 Nxg3 16. Bxf7+ Kxf7 17. hxg3 Qxg3 18. e4 Rad8 19. Qb3 b6 20.
exd5 Rxe2 21. dxc6+ Kf8 22. Qb4+ Rd6 {White resigns} 0-1

[Event "ICCopen2017"]
[Site "Internet Chess Club"]
[Date "2017.04.02"]
[Round "9"]
[White "oli2"]
[Black "asadue"]
[Result "1-0"]
[ICCResult "Black resigns"]
[WhiteElo "1727"]
[BlackElo "1250"]
[Opening "Alekhine's defense: modern, fianchetto variation"]
[ECO "B04"]
[NIC "AL.04"]
[Time "20:45:01"]
[TimeControl "180+0"]

1. e4 Nf6 2. e5 Nd5 3. d4 d6 4. Nf3 g6 5. Bc4 Nb6 6. Bb3 Bg7 7. O-O O-O 8.
Qe2 a5 9. a4 Na6 10. h3 d5 11. Nc3 c6 12. Bg5 Nc7 13. Qe3 Ne6 14. Bh6 f6 15.
Bxg7 Kxg7 16. Ne2 Nd7 17. exf6+ Nxf6 18. Ne5 Qd6 19. f4 Bd7 20. Ng3 Rad8 21.
f5 gxf5 22. Nxf5+ {Black resigns} 1-0

[Event "ICCopen2017"]
[Site "Internet Chess Club"]
[Date "2017.04.02"]
[Round "9"]
[White "Machinegun"]
[Black "Darnoc"]
[Result "0-1"]
[ICCResult "White resigns"]
[WhiteElo "2447"]
[BlackElo "2875"]
[Opening "French: Burn variation"]
[ECO "C11"]
[NIC "FR.05"]
[Time "20:44:33"]
[TimeControl "180+0"]

1. e4 e6 2. d4 d5 3. Nc3 Nf6 4. Bg5 dxe4 5. Nxe4 Be7 6. Bxf6 Bxf6 7. Nf3 Nd7
8. Bc4 a6 9. Bb3 Be7 10. c3 O-O 11. h4 b6 12. Bc2 Bb7 13. Qd3 g6 14. h5 Nf6
15. Nxf6+ Bxf6 16. hxg6 hxg6 17. Rh6 Bg7 18. Rh3 c5 19. O-O-O cxd4 20. cxd4
Qd5 21. Kb1 Rac8 22. Re1 Rfd8 23. Bb3 Qa5 24. Reh1 Qb5 25. Qe3 Qf5+ 26. Ka1
Rc7 27. Ne5 Bxg2 28. Rh8+ Bxh8 29. Rxh8+ Kxh8 30. Qh6+ Kg8 31. Bxe6 Qxe6
{White resigns}
0-1

[Event "ICCopen2017"]
[Site "Internet Chess Club"]
[Date "2017.04.02"]
[Round "9"]
[White "Activekids"]
[Black "leonardoalmeida"]
[Result "1-0"]
[ICCResult "Black checkmated"]
[WhiteElo "2007"]
[BlackElo "1754"]
[Opening "Scandinavian (center counter) defense"]
[ECO "B01"]
[NIC "SD.01"]
[Time "20:46:07"]
[TimeControl "180+0"]

1. e4 d5 2. exd5 Qxd5 3. Nc3 Qa5 4. Nf3 c6 5. Be2 Bg4 6. b4 Qc7 7. O-O e6 8.
b5 Nf6 9. Rb1 Be7 10. Bb2 O-O 11. h3 Bh5 12. d4 Nbd7 13. bxc6 bxc6 14. Ng5
Bxe2 15. Qxe2 h6 16. Nge4 Rab8 17. Ng3 c5 18. d5 Bd6 19. dxe6 Bxg3 20. fxg3
fxe6 21. Qxe6+ Kh8 22. Nd5 Nxd5 23. Qxh6+ Kg8 24. Qxg7# {Black checkmated}
1-0

[Event "ICCopen2017"]
[Site "Internet Chess Club"]
[Date "2017.04.02"]
[Round "9"]
[White "LevAbramovich"]
[Black "arsam"]
[Result "0-1"]
[ICCResult "White resigns"]
[WhiteElo "2068"]
[BlackElo "2585"]
[Opening "Queen's pawn game"]
[ECO "A46"]
[NIC "QP.06"]
[Time "20:45:54"]
[TimeControl "180+0"]

1. d4 Nf6 2. Nf3 e6 3. g3 b5 4. Bg2 Bb7 5. O-O c5 6. c3 Qb6 7. Nbd2 cxd4 8.
cxd4 Nc6 9. e3 Be7 10. Nb3 a5 11. a4 bxa4 12. Rxa4 O-O 13. Bd2 Rfb8 14. Qa1
Qxb3 15. Rc1 Ne4 16. Be1 Rc8 17. Ra3 Qb6 18. h4 Bxa3 19. Qxa3 Nb4 20. Ne5
Rxc1 {White resigns} 0-1

[Event "ICCopen2017"]
[Site "Internet Chess Club"]
[Date "2017.04.02"]
[Round "9"]
[White "Neurisdr"]
[Black "arshavin2015"]
[Result "1-0"]
[ICCResult "Black resigns"]
[WhiteElo "2857"]
[BlackElo "1974"]
[Opening "Caro-Kann: Gurgenidze system"]
[ECO "B06"]
[NIC "KF.06"]
[Time "20:45:19"]
[TimeControl "180+0"]

1. e4 g6 2. d4 c6 3. Nc3 d5 4. e5 Nh6 5. h4 Qa5 6. h5 Bg7 7. a3 a6 8. b4 Qd8
9. Bg5 f6 10. Bxh6 Bxh6 11. Bd3 f5 12. Nf3 e6 13. hxg6 hxg6 14. g4 Nd7 15.
Ke2 Bg7 16. Rxh8+ Bxh8 17. Qh1 Kf7 18. Qh7+ Bg7 19. gxf5 gxf5 20. Rg1 Qg8
21. Rxg7+ Qxg7 22. Ng5+ Kf8 23. Nxe6+ {Black resigns} 1-0

[Event "ICCopen2017"]
[Site "Internet Chess Club"]
[Date "2017.04.02"]
[Round "9"]
[White "matnik"]
[Black "MassCarnage"]
[Result "0-1"]
[ICCResult "White checkmated"]
[WhiteElo "1572"]
[BlackElo "1955"]
[Opening "St. George (Baker) defense"]
[ECO "B00"]
[NIC "VO.17"]
[Time "20:45:33"]
[TimeControl "180+0"]

1. e4 a6 2. d4 b5 3. Nf3 Bb7 4. Bd3 e6 5. O-O Nf6 6. Re1 d6 7. b3 Nbd7 8. c4
bxc4 9. bxc4 h6 10. d5 e5 11. h3 g5 12. Nh2 Bc8 13. Be3 Rg8 14. f3 h5 15.
Be2 Bh6 16. Kh1 Nf8 17. c5 Ng6 18. cxd6 cxd6 19. Nc3 Nf4 20. Na4 Rb8 21. Bf1
g4 22. g3 gxf3 23. gxf4 Nxe4 24. Bf2 Nxf2# {White checkmated} 0-1

[Event "ICCopen2017"]
[Site "Internet Chess Club"]
[Date "2017.04.02"]
[Round "9"]
[White "Spirals"]
[Black "MeneerMandje"]
[Result "0-1"]
[ICCResult "White resigns"]
[WhiteElo "2162"]
[BlackElo "2049"]
[Opening "Two knights defense (Modern bishop's opening)"]
[ECO "C55"]
[NIC "IG.01"]
[Time "20:46:01"]
[TimeControl "180+0"]

1. e4 e5 2. Nf3 Nc6 3. Bc4 Nf6 4. d3 h6 5. O-O d6 6. c3 g5 7. d4 g4 8. dxe5
gxf3 9. exf6 Ne5 10. g3 Nxc4 11. Qa4+ Qd7 12. Qxd7+ Bxd7 13. Re1 O-O-O 14.
b3 Ne5 15. Bf4 h5 16. Nd2 Nd3 17. Re3 Nxf4 18. gxf4 Bh6 19. Rxf3 Bg4 20. Rd3
Bxf4 21. f3 Bh3 {White resigns} 0-1

[Event "ICCopen2017"]
[Site "Internet Chess Club"]
[Date "2017.04.02"]
[Round "9"]
[White "kamalchandran"]
[Black "blunder23"]
[Result "1-0"]
[ICCResult "Black checkmated"]
[WhiteElo "1832"]
[BlackElo "1542"]
[Opening "French: Rubinstein variation"]
[ECO "C10"]
[NIC "FR.07"]
[Time "20:44:35"]
[TimeControl "180+0"]

1. e4 e6 2. d4 d5 3. Nc3 dxe4 4. Nxe4 Be7 5. Nf3 Nf6 6. Bd3 b6 7. Bg5 Bb7 8.
Bxf6 Bxf6 9. c3 Nd7 10. Qc2 O-O 11. O-O-O Be7 12. h4 f5 13. Neg5 Bxf3 14.
Nxf3 h6 15. Rde1 Rf6 16. Qb3 c5 17. Rxe6 Rb8 18. Rxf6+ Kh8 19. Rf7 g6 20.
Qe6 Bf8 21. Qxg6 Nf6 22. Bxf5 Qe8 23. Rh7+ Nxh7 24. Qxh7# {Black checkmated}
1-0

[Event "ICCopen2017"]
[Site "Internet Chess Club"]
[Date "2017.04.02"]
[Round "9"]
[White "thxgg"]
[Black "giovana64"]
[Result "0-1"]
[ICCResult "White resigns"]
[WhiteElo "1814"]
[BlackElo "1656"]
[Opening "Benoni: 6.e4"]
[ECO "A65"]
[NIC "BI.38"]
[Time "20:44:30"]
[TimeControl "180+0"]

1. d4 c5 2. d5 Nf6 3. c4 e6 4. Nc3 exd5 5. cxd5 d6 6. e4 g6 7. f3 Bg7 8. Be3
O-O 9. Bd3 a6 10. a4 Re8 11. Nge2 Nbd7 12. O-O Qc7 13. Ng3 Rb8 14. f4 c4 15.
Bc2 b5 16. axb5 axb5 17. e5 dxe5 18. d6 Qc6 19. fxe5 Nxe5 20. Rxf6 Bxf6 21.
Nce4 Bg7 22. Ng5 Bg4 23. Qf1 f6 24. Be4 Qxd6 25. Nh3 Bxh3 26. gxh3 Nd3 27.
Qg2 Nxb2 28. Bd5+ Kh8 29. Bd4 Nd3 30. Ra7 Nf4 31. Ne4 Qxd5 32. Rxg7 Qxd4+
{White resigns}
0-1

[Event "ICCopen2017"]
[Site "Internet Chess Club"]
[Date "2017.04.02"]
[Round "9"]
[White "cloak1"]
[Black "ZonaLeste"]
[Result "0-1"]
[ICCResult "White resigns"]
[WhiteElo "1797"]
[BlackElo "1694"]
[Opening "Caro-Kann: Panov-Botvinnik attack"]
[ECO "B13"]
[NIC "CK.03"]
[Time "20:45:23"]
[TimeControl "180+0"]

1. e4 c6 2. d4 d5 3. exd5 cxd5 4. c4 Nf6 5. Nc3 Be6 6. Qb3 Qb6 7. c5 Qxb3 8.
axb3 Nc6 9. Be3 Ng4 10. Bb5 Nxe3 11. fxe3 g6 12. Nf3 a6 13. Ng5 Bh6 14. Nxe6
fxe6 15. Ke2 O-O 16. Bxc6 bxc6 17. Na4 e5 18. Nb6 Ra7 19. Ra5 exd4 20. exd4
Bg7 21. Ra4 e5 22. dxe5 Bxe5 23. g3 Bxb2 24. Rf1 Re7+ 25. Kd3 Rxf1 26. Rxa6
Ra1 27. Ra8+ Rxa8 28. Nxa8 Ba3 29. Kd4 Re4+ 30. Kd3 Bxc5 31. Nc7 Re3+ 32.
Kc2 Re2+ 33. Kc3 Rxh2 34. Na6 Bd6 35. Nb8 Bxb8 {White resigns} 0-1

[Event "ICCopen2017"]
[Site "Internet Chess Club"]
[Date "2017.04.02"]
[Round "9"]
[White "Mmario"]
[Black "Saniser"]
[Result "1-0"]
[ICCResult "Black resigns"]
[WhiteElo "2705"]
[BlackElo "2283"]
[Opening "QGD semi-Slav"]
[ECO "D43"]
[NIC "SL.03"]
[Time "20:44:58"]
[TimeControl "180+0"]

1. d4 d5 2. c4 c6 3. Nf3 Nf6 4. Nc3 e6 5. Bg5 h6 6. Bh4 dxc4 7. e4 g5 8. Bg3
b5 9. Be2 Bb7 10. e5 Nd5 11. O-O Nd7 12. Nxd5 cxd5 13. Ne1 Qb6 14. Bh5 Rh7
15. f4 O-O-O 16. f5 Bb4 17. Nc2 a5 18. Nxb4 axb4 19. Kh1 Nb8 20. fxe6 fxe6
21. Rf6 Re7 22. Rxh6 Nc6 23. Bg4 Qxd4 24. Bxe6+ Kb8 25. Qe2 Qe4 26. Qf2 d4
27. Re1 Qd3 28. Bf5 Rf8 29. Rf6 Qxg3 30. Rxf8+ Ka7 31. Qxg3 d3 32. e6 Nd4
33. Qe3 {Black resigns} 1-0

[Event "ICCopen2017"]
[Site "Internet Chess Club"]
[Date "2017.04.02"]
[Round "9"]
[White "bythebook"]
[Black "dashingfox"]
[Result "0-1"]
[ICCResult "White resigns"]
[WhiteElo "1554"]
[BlackElo "1887"]
[Opening "Ruy Lopez: Classical defense deferred"]
[ECO "C70"]
[NIC "RL.09"]
[Time "20:44:38"]
[TimeControl "180+0"]

1. e4 Nc6 2. Nf3 e5 3. Bb5 a6 4. Ba4 Bc5 5. O-O d6 6. c3 b5 7. Bb3 Nge7 8.
d4 exd4 9. cxd4 Bb6 10. h3 O-O 11. Nc3 Ng6 12. Bg5 Qd7 13. Rc1 Bb7 14. Nd5
Na5 15. Nxb6 cxb6 16. Bc2 h6 17. Be3 Nc4 18. b3 Nxe3 19. fxe3 Rac8 20. e5
Bxf3 21. Qxf3 dxe5 22. Bxg6 Rxc1 23. Bxf7+ Rxf7 {White resigns} 0-1